[Event "ICC tourney 2488 (120 10)"]
[Site "Internet Chess Club"]
[Date "2021.04.04"]
[Round "6"]
[White "Ramesh, Aadhitya:aadhityaaaaaa"]
[Black "XIE, DAVID:davidtxie"]
[Result "1/2-1/2"]
[ICCResult "Game drawn by mutual agreement"]
[WhiteElo "1700"]
[BlackElo "1696"]
[Opening "Queen's pawn game, Darooha variation "]
[ECO "D02"]
[NIC "QP.08"]
[Time "16:16:54"]
[PlyCount "152"]
[TimeControl "7200+10"]

1. d4 d5 2. Nf3 Nf6 3. g3 c6 4. Bg2 Bf5 5. O-O e6 6. c4 Nbd7 7. Nc3 h6 8.
b3 Bb4 9. Bb2 O-O 10. a3 Bd6 11. Nd2 Bh7 12. e4 dxe4 13. Ncxe4 Nxe4 14.
Nxe4 Bc7 15. d5 exd5 16. cxd5 Be5 17. Bxe5 Nxe5 18. dxc6 Nxc6 19. Nd6 Qc7
20. Nxb7 Qxb7 21. Rc1 Rac8 22. Qf3 Qb5 23. Rxc6 Rxc6 24. Qxc6 Qxb3 25. a4
Bf5 26. Qb5 Qxb5 27. axb5 Rb8 28. Bc6 Bd3 29. Ra1 Bxb5 30. Bxb5 Rxb5 31.
Rxa7 Rf5 32. Kg2 g5 33. g4 Rf6 34. Kg3 Kg7 35. f3 Rf4 36. h4 Rf6 37. h5 Rd6
38. Ra3 Re6 39. f4 Rf6 40. fxg5 hxg5 41. Ra5 Kh6 42. Ra7 Rf4 43. Ra6+ Kh7
44. Ra5 Kh6 45. Ra8 Kg7 46. Ra5 Kh6 47. Ra6+ Kh7 48. Rd6 Rf1 49. Kg2 Rf4
50. Kg3 Rf1 51. Rd7 Rf6 52. Rd8 Kg7 53. Re8 Rf4 54. Re5 Kh6 55. Ra5 Rf6 56.
Kg2 Rf4 57. Ra6+ Kh7 58. Kg3 Rf1 59. Ra5 Kh6 60. Kg2 Rf4 61. Kg3 Rf6 62.
Re5 Rf4 63. Re8 Kg7 64. Re5 Kh6 65. Re3 Rf6 66. Rf3 Rxf3+ 67. Kxf3 f5 68.
Kg3 f4+ 69. Kf3 Kg7 70. Ke4 Kh6 71. Kf3 Kg7 72. Ke2 Kh6 73. Kd3 Kg7 74. Kc4
Kh6 75. Kd4 Kg7 76. Ke4 Kh6 { Game drawn by mutual agreement } 1/2-1/2

[Event "ICC tourney 2488 (120 10)"]
[Site "Internet Chess Club"]
[Date "2021.04.04"]
[Round "6"]
[White "RAMKUMAR, ADITYA:aditya7708"]
[Black "XIONG, LANG:langlglang"]
[Result "1-0"]
[ICCResult "Black resigns"]
[WhiteElo "1627"]
[BlackElo "1644"]
[Opening "King's Indian: London system"]
[ECO "A48"]
[NIC "QP.06"]
[Time "16:17:08"]
[PlyCount "68"]
[TimeControl "7200+10"]

1. Nf3 Nf6 2. d4 g6 3. Bf4 d5 4. e3 Bg7 5. Nbd2 Nbd7 6. Bd3 Nh5 7. Bg3 Nxg3
8. hxg3 c5 9. c3 cxd4 10. exd4 Nf6 11. O-O Bg4 12. Qb3 b6 13. Ne5 O-O 14.
Rfe1 Qd6 15. Ndf3 Bxf3 16. Nxf3 e6 17. Re2 Ng4 18. Rae1 Rac8 19. a4 Rfe8
20. Bb5 Re7 21. Ne5 Nxe5 22. dxe5 Qc5 23. Rd1 Rec7 24. Rd4 Ra8 25. Rf4 Re7
26. Kh2 Qc7 27. Rf3 Bxe5 28. Rfe3 Bf6 29. f4 Qc5 30. g4 e5 31. fxe5 Rxe5
32. Rxe5 Bxe5+ 33. Rxe5 Qd6 34. Qxd5 Qf6 { Black resigns } 1-0

[Event "ICC tourney 2488 (120 10)"]
[Site "Internet Chess Club"]
[Date "2021.04.04"]
[Round "6"]
[White "CHERUKURI, DEVESH:Deveshc"]
[Black "LIAO, CAITLIN:che8642"]
[Result "0-1"]
[ICCResult "White checkmated"]
[WhiteElo "1520"]
[BlackElo "1530"]
[Opening "Sicilian: Smith-Morra gambit"]
[ECO "B21"]
[NIC "SI.48"]
[Time "16:16:56"]
[PlyCount "162"]
[TimeControl "7200+10"]

1. e4 c5 2. d4 cxd4 3. c3 dxc3 4. Nxc3 Nc6 5. Nf3 e6 6. Bc4 a6 7. Bf4 Nge7
8. O-O Ng6 9. Be3 Be7 10. a4 b6 11. Qe2 Bb7 12. Rfd1 Qc7 13. Rac1 Nge5 14.
Nxe5 Nxe5 15. Bb3 Qd8 16. f4 Nc6 17. Qf2 Qb8 18. f5 Bd6 19. g3 h5 20. fxe6
dxe6 21. Rf1 O-O 22. Bxb6 Ne5 23. Qe2 Bxe4 24. Nxe4 Qxb6+ 25. Kg2 Qxb3 26.
Nxd6 Qd5+ 27. Ne4 f5 28. Rc5 Qd3 29. Nc3 Qxe2+ 30. Nxe2 Nd3 31. Rc2 e5 32.
Nc3 Rab8 33. Nd5 g6 34. Rb1 Rf7 35. Rd2 e4 36. Nf4 Nxf4+ 37. gxf4 Rfb7 38.
Kg3 Kg7 39. Rd6 Rb6 40. Rxb6 Rxb6 41. b4 Kf7 42. Kf2 Ke6 43. Ke3 Kd5 44. b5
Kc5 45. bxa6 Rxa6 46. Rg1 Kb4 47. h4 Kxa4 48. Ra1+ Kb5 49. Rb1+ Kc5 50.
Rc1+ Kd5 51. Rd1+ Ke6 52. Rg1 Kf6 53. Rh1 Ra3+ 54. Kf2 Rf3+ 55. Ke2 Rxf4
56. Ke3 Rf3+ 57. Ke2 f4 58. Ra1 Kf5 59. Ra5+ Kg4 60. Rg5+ Kxh4 61. Rxg6 Rg3
62. Re6 Re3+ 63. Kf2 Kh3 64. Rf6 Rf3+ 65. Ke2 h4 66. Re6 Re3+ 67. Kf2 Kh2
68. Rh6 h3 69. Rg6 Rf3+ 70. Ke2 Rg3 71. Re6 Kg1 72. Rxe4 Re3+ 73. Rxe3 fxe3
74. Kxe3 h2 75. Ke2 h1=Q 76. Ke3 Qh4 77. Kf3 Qd4 78. Kg3 Qe4 79. Kh3 Qg6
80. Kh4 Kf2 81. Kh3 Qg3# { White checkmated } 0-1

[Event "ICC tourney 2488 (120 10)"]
[Site "Internet Chess Club"]
[Date "2021.04.04"]
[Round "6"]
[White "ZHANG, MULAN JIEMIN:Mulan2009"]
[Black "Martinez, Abraham:Pugnacious"]
[Result "1-0"]
[ICCResult "Black resigns"]
[WhiteElo "1667"]
[BlackElo "1614"]
[Opening "Evans gambit"]
[ECO "C52"]
[NIC "IG.05"]
[Time "16:17:10"]
[PlyCount "91"]
[TimeControl "7200+10"]

1. e4 e5 2. Nf3 Nc6 3. Bc4 Bc5 4. b4 Bxb4 5. c3 Ba5 6. O-O Nf6 7. Ba3 d6 8.
d4 Bg4 9. dxe5 Bxf3 10. Qxf3 Nxe5 11. Qe2 O-O 12. Bd3 Re8 13. f3 d5 14.
exd5 Nxd5 15. Be4 Nf4 16. Qc2 Nc4 17. Bc1 Bb6+ 18. Kh1 Qf6 19. g3 Ng6 20.
Bxb7 Rad8 21. Be4 h5 22. h4 Qe5 23. Bxg6 fxg6 24. Bf4 Qe2 25. Qxe2 Rxe2 26.
a4 Rd3 27. Na3 Rxc3 28. Nxc4 Rxc4 29. Rfc1 Rcc2 30. Rxc2 Rxc2 31. Rc1 Rxc1+
32. Bxc1 Kf7 33. Bb2 c6 34. f4 Bd8 35. Bd4 a5 36. Bc3 Ke6 37. Kg2 Kd5 38.
Kf3 Kc4 39. Bxg7 Kb4 40. g4 Kxa4 41. g5 c5 42. f5 gxf5 43. Bf6 c4 44. Bxd8
c3 45. g6 c2 46. Bg5 { Black resigns } 1-0

[Event "ICC tourney 2488 (120 10)"]
[Site "Internet Chess Club"]
[Date "2021.04.04"]
[Round "6"]
[White "Martinez, Abel:abelMZ084"]
[Black "BRUDNO, STEPHEN:StevChess01"]
[Result "1/2-1/2"]
[ICCResult "Game drawn by repetition"]
[WhiteElo "1581"]
[BlackElo "1661"]
[Opening "Richter-Veresov attack, Richter variation"]
[ECO "D01"]
[NIC "QP.07"]
[Time "16:16:54"]
[PlyCount "60"]
[TimeControl "7200+10"]

1. d4 Nf6 2. Nc3 d5 3. Bg5 Bf5 4. f3 Nbd7 5. Bf4 c6 6. Qd2 h6 7. e3 Nh5 8.
e4 Nxf4 9. Qxf4 Be6 10. Bd3 Nb6 11. Nge2 Qd6 12. e5 Qd8 13. O-O Qc7 14. Qe3
Bd7 15. f4 e6 16. f5 O-O-O 17. fxe6 Bxe6 18. Nf4 Kb8 19. Nxe6 fxe6 20. Bg6
c5 21. Nb5 Qc6 22. Nd6 cxd4 23. Qxd4 Bxd6 24. exd6 Qxd6 25. Qxg7 Rhg8 26.
Qh7 Rh8 27. Qg7 Rhg8 28. Qh7 Rh8 29. Qg7 Rhg8 30. Qh7 Rh8 { Game drawn by
repetition } 1/2-1/2

[Event "ICC tourney 2488 (120 10)"]
[Site "Internet Chess Club"]
[Date "2021.04.04"]
[Round "6"]
[White "GUNN, HAN:Han366"]
[Black "TANG, VINCENT:VincentT2008"]
[Result "0-1"]
[ICCResult "White resigns"]
[WhiteElo "1700"]
[BlackElo "1744"]
[Opening "King's Indian: Sämisch, 6...Nc6"]
[ECO "E83"]
[NIC "KI.36"]
[Time "16:17:48"]
[PlyCount "108"]
[TimeControl "7200+10"]

1. d4 Nf6 2. c4 g6 3. Nc3 Bg7 4. e4 d6 5. f3 O-O 6. Be3 Nc6 7. Nge2 e5 8.
d5 Ne7 9. Qd2 Nd7 10. Nc1 f5 11. exf5 gxf5 12. Bd3 Nf6 13. N1e2 c6 14. O-O
Kh8 15. dxc6 bxc6 16. Rad1 d5 17. cxd5 cxd5 18. Bc5 d4 19. Nb5 Nfd5 20. Rc1
Ne3 21. Rfe1 Bh6 22. Qb4 N3d5 23. Bxe7 Nxb4 24. Bxd8 Nxd3 25. Bc7 Bd7 26.
Na3 Bxc1 27. Nxc1 Nxe1 28. Bxe5+ Kg8 29. Bxd4 Rfe8 30. Kf2 Rac8 31. Bc3
Rxc3 32. bxc3 Ba4 33. Nc4 f4 34. Nd6 Re6 35. Ne4 Nc2 36. Nd3 Bb5 37. Nxf4
Ra6 38. g4 Rxa2 39. Kg3 Ne3 40. h3 Nf1+ 41. Kh4 Bc6 42. Nf6+ Kf7 43. Nxh7
Rc2 44. Ng5+ Kg8 45. Ng6 Kg7 46. Ne5 Bb5 47. f4 Rxc3 48. f5 Re3 49. Ng6 Bc4
50. Nf4 a5 51. Nh5+ Kf8 52. Nf4 a4 53. Kh5 a3 54. Ng6+ Kg7 { White resigns
} 0-1

[Event "ICC tourney 2488 (120 10)"]
[Site "Internet Chess Club"]
[Date "2021.04.04"]
[Round "6"]
[White "LOPEZ, FRANCISCO JAVIER:steinutz"]
[Black "CAO, RAY:rcww2020"]
[Result "1-0"]
[ICCResult "Black checkmated"]
[WhiteElo "1749"]
[BlackElo "1686"]
[Opening "Old Benoni defense"]
[ECO "A44"]
[NIC "OI.09"]
[Time "16:16:58"]
[PlyCount "59"]
[TimeControl "7200+10"]

1. d4 c5 2. d5 e5 3. dxe6 fxe6 4. c4 Nc6 5. Nc3 Nf6 6. Bg5 Be7 7. e3 a6 8.
Nf3 O-O 9. Rb1 b6 10. Be2 Bb7 11. a3 Ne8 12. h4 h6 13. Bf4 Nf6 14. g4 Nxg4
15. Rg1 h5 16. Ng5 Bxg5 17. hxg5 Ne7 18. Bxg4 hxg4 19. Qxg4 Ng6 20. Bd6 Bf3
21. Qh3 Rf7 22. Rg3 Bc6 23. Qh5 Ne7 24. Rh3 Rf5 25. e4 Bxe4 26. Nxe4 Nc6
27. Qh7+ Kf7 28. g6+ Ke8 29. Qg8+ Rf8 30. Qxf8# { Black checkmated } 1-0

[Event "ICC tourney 2488 (120 10)"]
[Site "Internet Chess Club"]
[Date "2021.04.04"]
[Round "6"]
[White "ZHU, RYAN:Ryan123455"]
[Black "Kashyap, Mahati B:mnm1"]
[Result "1/2-1/2"]
[ICCResult "Game drawn by repetition"]
[WhiteElo "1684"]
[BlackElo "1580"]
[Opening "Sicilian: Richter-Rauzer, Rauzer attack, 7...a6 defense, 9...Be7"]
[ECO "B68"]
[NIC "SI.27"]
[Time "16:17:05"]
[PlyCount "90"]
[TimeControl "7200+10"]

1. e4 c5 2. Nf3 d6 3. d4 cxd4 4. Nxd4 Nf6 5. Nc3 Nc6 6. Bg5 e6 7. Qd2 Be7
8. O-O-O a6 9. f4 Bd7 10. Bxf6 Bxf6 11. Nxc6 Bxc6 12. Bd3 Qa5 13. Kb1 Rc8
14. Ne2 Qb6 15. c3 Qc7 16. Bc2 Bb5 17. Nd4 Bxd4 18. Qxd4 O-O 19. Qxd6 Qc4
20. Qd4 Qe2 21. Rde1 Qg4 22. g3 Rfd8 23. Qe3 Qh5 24. h3 Bc6 25. g4 Qb5 26.
Rd1 Qa5 27. Rd4 Rxd4 28. Qxd4 Rd8 29. Qe3 b5 30. Rd1 Rxd1+ 31. Bxd1 Qc7 32.
e5 a5 33. Bc2 g6 34. Qc5 Qb7 35. Qd4 a4 36. Kc1 Bd5 37. a3 Bc4 38. Be4 Qe7
39. Qd6 Qh4 40. Qd2 Qxh3 41. Qd8+ Kg7 42. Qf6+ Kg8 43. Qd8+ Kg7 44. Qf6+
Kg8 45. Qd8+ Kg7 { Game drawn by repetition } 1/2-1/2

[Event "ICC tourney 2488 (120 10)"]
[Site "Internet Chess Club"]
[Date "2021.04.04"]
[Round "6"]
[White "Ananth, Ananya:Ananya22609"]
[Black "GINZBURG, LIORA:Liopleuradon15"]
[Result "1/2-1/2"]
[ICCResult "Game drawn by mutual agreement"]
[WhiteElo "1637"]
[BlackElo "1507"]
[Opening "Scotch game"]
[ECO "C45"]
[NIC "SO.05"]
[Time "16:17:46"]
[PlyCount "79"]
[TimeControl "7200+10"]

1. e4 e5 2. Nf3 Nc6 3. d4 exd4 4. Nxd4 Bc5 5. Be3 Bb6 6. Nf5 Qf6 7. Nc3
Nge7 8. Bxb6 axb6 9. Ne3 O-O 10. Bc4 Ne5 11. Bb3 d6 12. O-O Be6 13. Ncd5
Nxd5 14. Nxd5 Qd8 15. f4 Ng4 16. f5 Bxd5 17. Qxg4 Bxb3 18. f6 g6 19. Qg5
Kh8 20. Qh6 Rg8 21. cxb3 Ra5 22. Rf3 Rh5 23. Qe3 Re5 24. Qh6 Rh5 25. Qf4 g5
26. Qf5 Rg6 27. g4 Rhh6 28. Raf1 Rg8 29. Qd5 Qd7 30. Rf5 Rh4 31. Qd1 Qe6
32. Qf3 c6 33. Kh1 Rg6 34. Rf2 Rg8 35. Rg2 Rh6 36. Rf2 Rgg6 37. Kg1 Rh4 38.
Re2 Rg8 39. Kh1 Rh6 40. Rg2 { Game drawn by mutual agreement } 1/2-1/2

[Event "ICC tourney 2488 (120 10)"]
[Site "Internet Chess Club"]
[Date "2021.04.04"]
[Round "6"]
[White "VISHWA, SUSHEEL:sushivishwa"]
[Black "THOMAS, MICHAEL G:chesslin"]
[Result "0-1"]
[ICCResult "White checkmated"]
[WhiteElo "1738"]
[BlackElo "1723"]
[Opening "Robatsch (modern) defense"]
[ECO "E81"]
[NIC "KF.05"]
[Time "16:16:59"]
[PlyCount "118"]
[TimeControl "7200+10"]

1. e4 g6 2. d4 Bg7 3. f3 d6 4. Be3 Nf6 5. c4 O-O 6. Nc3 c5 7. d5 e6 8. Qd2
exd5 9. cxd5 Re8 10. g4 Na6 11. Nge2 b5 12. Ng3 b4 13. Nce2 Nc7 14. h4 Bxg4
15. fxg4 Nxg4 16. Bg5 Bf6 17. Bh3 Ne5 18. O-O Bxg5 19. hxg5 Nb5 20. Rf2 Nd4
21. Nxd4 cxd4 22. Raf1 d3 23. Rf6 a5 24. Qf4 Ra7 25. Qh4 Rc7 26. R6f2 Rc2
27. Bg4 Qb6 28. Kg2 Qe3 29. Bd1 Rxf2+ 30. Rxf2 Rc8 31. Qf4 Qxf4 32. Rxf4
Rc1 33. Bb3 d2 34. Rf1 Nd3 35. Kf3 Nxb2 36. Ke2 Rc3 37. Nh1 a4 38. Bd1 b3
39. axb3 a3 40. Kxd2 Rd3+ 41. Kc2 Rxd1 42. Rxd1 Nxd1 43. Kb1 Nc3+ 44. Ka1
Kg7 45. Nf2 f6 46. gxf6+ Kxf6 47. b4 h5 48. b5 Nxb5 49. Ka2 Ke5 50. Kb3 Kd4
51. Ka2 Ke3 52. e5 dxe5 53. Nd1+ Kd4 54. Ka1 e4 55. Nf2 e3 56. Nd1 e2 57.
Ka2 exd1=Q 58. d6 Qc2+ 59. Ka1 Qb2# { White checkmated } 0-1

[Event "ICC tourney 2488 (120 10)"]
[Site "Internet Chess Club"]
[Date "2021.04.04"]
[Round "6"]
[White "TALWALKAR, VEDANT AMEYA:castle2king"]
[Black "WANG, FELICITY:fireheart"]
[Result "0-1"]
[ICCResult "White checkmated"]
[WhiteElo "1644"]
[BlackElo "1649"]
[Opening "Ruy Lopez: modern Steinitz defense"]
[ECO "C74"]
[NIC "RL.11"]
[Time "16:17:02"]
[PlyCount "138"]
[TimeControl "7200+10"]

1. e4 e5 2. Nf3 Nc6 3. Bb5 a6 4. Ba4 d6 5. c3 g6 6. O-O Bg7 7. h3 Ne7 8.
Re1 O-O 9. d4 Bd7 10. Bg5 h6 11. Bh4 Qe8 12. Bb3 Kh7 13. Bg3 f5 14. Bc2 f4
15. Bh2 g5 16. d5 Nd8 17. c4 Ng6 18. Nbd2 Qe7 19. c5 g4 20. hxg4 Bxg4 21.
cxd6 cxd6 22. Qb1 Rg8 23. Bd1 Bh8 24. Qd3 Nf7 25. Be2 Nh4 26. Nxh4 Qxh4 27.
Bxg4 Rxg4 28. Nf3 Qh3 29. Bg3 Qh5 30. Bh2 Rag8 31. Qf1 Rxg2+ 32. Qxg2 Rxg2+
33. Kxg2 Qg4+ 34. Bg3 fxg3 35. fxg3 Ng5 36. Nxg5+ Qxg5 37. Rac1 Qd2+ 38.
Kf3 Qxb2 39. Rb1 Qc3+ 40. Re3 Qc7 41. Reb3 Qf7+ 42. Kg2 b5 43. a4 Qg6 44.
Kf3 Qh5+ 45. Ke3 bxa4 46. Rb7+ Bg7 47. Rf1 Qg5+ 48. Kf3 a3 49. Ra1 Qh5+ 50.
g4 Qh3+ 51. Kf2 a2 52. Ra7 Qh2+ 53. Ke3 Qb2 54. Rh1 a1=Q 55. Rxa1 Qxa1 56.
Rb7 Qc3+ 57. Ke2 a5 58. Ra7 Qc2+ 59. Ke1 a4 60. Kf1 Qc1+ 61. Kf2 Qc5+ 62.
Ke2 Qxa7 63. Kd2 Qb6 64. Kc2 a3 65. Kd2 a2 66. Kc2 a1=Q 67. Kd2 Qb3 68. Ke2
Qaa2+ 69. Kf1 Qbb1# { White checkmated } 0-1

[Event "ICC tourney 2488 (120 10)"]
[Site "Internet Chess Club"]
[Date "2021.04.04"]
[Round "6"]
[White "Chen, GEORGE YIMING:oceanicboa"]
[Black "ZHANG, FRED:Fredzhang"]
[Result "1/2-1/2"]
[ICCResult "Game drawn by mutual agreement"]
[WhiteElo "1706"]
[BlackElo "1574"]
[Opening "Sicilian: Grand Prix attack"]
[ECO "B23"]
[NIC "SI.44"]
[Time "16:16:57"]
[PlyCount "95"]
[TimeControl "7200+10"]

1. e4 c5 2. Nc3 Nc6 3. f4 d6 4. Nf3 Bg4 5. Bc4 e6 6. d3 Nf6 7. h3 Bxf3 8.
Qxf3 Be7 9. O-O Nd4 10. Qf2 O-O 11. Be3 Nc6 12. Kh1 Na5 13. Rg1 Nxc4 14.
dxc4 a6 15. g4 Nd7 16. Raf1 h6 17. f5 e5 18. Nd5 Bh4 19. Qf3 f6 20. Rd1 Nb6
21. b3 Nxd5 22. Rxd5 Qe7 23. Rgd1 Rfd8 24. Qe2 b6 25. Qd2 Qb7 26. Kg2 Rd7
27. Kf3 Rad8 28. Qd3 Qc7 29. Bc1 Kf7 30. c3 g5 31. fxg6+ Kxg6 32. Ba3 h5
33. b4 cxb4 34. Bxb4 Qc6 35. Bxd6 hxg4+ 36. hxg4 Rb7 37. Bb4 Rc8 38. c5
bxc5 39. Rxc5 Qb6 40. Qd6 Qa7 41. Rd2 Bg5 42. Rdd5 Rxb4 43. cxb4 Qh7 44.
Rxc8 Qh1+ 45. Kf2 Qh2+ 46. Ke1 Qh1+ 47. Kf2 Qh2+ 48. Ke1 { Game drawn by
mutual agreement } 1/2-1/2

[Event "ICC tourney 2488 (120 10)"]
[Site "Internet Chess Club"]
[Date "2021.04.04"]
[Round "6"]
[White "HANNA, JOHN:jHanna"]
[Black "CHANDI, ISHNOOR SINGH:Ishnoor"]
[Result "0-1"]
[ICCResult "White checkmated"]
[WhiteElo "1750"]
[BlackElo "1545"]
[Opening "King's Indian: Petrosian system, Stein variation"]
[ECO "E92"]
[NIC "KI.17"]
[Time "16:17:03"]
[PlyCount "106"]
[TimeControl "7200+10"]

1. d4 Nf6 2. c4 g6 3. Nc3 Bg7 4. e4 d6 5. Nf3 O-O 6. Be2 e5 7. d5 a5 8. Bg5
Na6 9. a3 h6 10. Be3 Ng4 11. Bd2 f5 12. h3 Nf6 13. exf5 gxf5 14. Qc1 Kh7
15. g4 f4 16. Qc2+ Kh8 17. Nh4 Kg8 18. Ng6 Re8 19. f3 c6 20. Bd3 Nc5 21.
O-O-O cxd5 22. Nxd5 Nxd5 23. cxd5 Bd7 24. b3 Rc8 25. Kb1 Ne4 26. Bxe4 Rxc2
27. Bxc2 Qf6 28. Be4 Qd8 29. Rc1 Qb6 30. Rc3 Bf6 31. Rhc1 Bd8 32. Be1 Ba4
33. Ka2 Bd7 34. h4 Qd4 35. h5 b5 36. R3c2 Qb6 37. Nh4 b4 38. a4 Bxa4 39.
bxa4 b3+ 40. Ka3 bxc2 41. Rxc2 Qe3+ 42. Ka2 Qxe1 43. Nf5 Qb4 44. Nxh6+ Kf8
45. Nf5 Bb6 46. h6 Bd4 47. Nxd4 Qxd4 48. h7 Qxa4+ 49. Kb1 Rb8+ 50. Kc1 Qa3+
51. Kd2 Qe3+ 52. Kd1 Rb1+ 53. Rc1 Rxc1# { White checkmated } 0-1